 Dungeon Crawl Stone Soup version 0.29.0-4-gdea44cf6ec (webtiles) character file.

Game seed: 8556171932476116902

292 qw the Chopper (level 6, -6/48 HPs)
             Began as a Formicid Cinder Acolyte on Sept 4, 2022.
             Was an Elder of Ignis.
             Mangled by Menkaure (12 damage)
             ... on level 4 of the Dungeon.
             The game lasted 00:01:08 (4054 turns).

qw the Chopper (Formicid Cinder Acolyte)            Turns: 4054, Time: 00:01:08

Health: -6/48      AC: 15    Str: 20    XL:     6   Next: 59%
Magic:  7/7        EV:  7    Int: 14    God:    Ignis [****..]
Gold:   182        SH:  0    Dex:  9    Spells: 7/7 levels left

rFire   + . .      SeeInvis +   Y - +3 hand axe
rCold   . . .      Faith    .   (no shield)
rNeg    . . .      Spirit   .   a - +0 chain mail
rPois   .          Reflect  .   (helmet unavailable)
rElec   .          Harm     .   (no cloak)
rCorr   .          Rampage  .   (no gloves)
Will    .....                   (no boots)
Stlth   ..........              (no amulet)
HPRegen 0.16/turn               c - +4 ring of slaying {mikee}
MPRegen 0.10/turn               (no ring)

@: fiery-armoured
A: permanent stasis, dig shafts and tunnels, antennae 3, four strong arms
a: Dig, Shaft Self, Renounce Religion, Fiery Armour, Foxfire Swarm, Rising Flame


You were on level 4 of the Dungeon.
You worshipped Ignis.
Ignis was greatly pleased with you.
You visited 1 branch of the dungeon, and saw 4 of its levels.

You collected 182 gold pieces.


Innate Abilities, Weirdness & Mutations

You cannot be hasted, slowed, berserked, paralysed or teleported.
You can dig through walls and to a lower floor.
You have a pair of large antennae on your head. (SInv)
Your four strong arms can wield two-handed weapons with a shield.


   Skills:
 + Level 3.8 Fighting
 - Level 6.0 Axes
 - Level 2.1 Armour
 - Level 1.0 Dodging
 - Level 1.1 Spellcasting
 - Level 3.0 Fire Magic


You had 7 spell levels left.
You didn't know any spells.
Your spell library contained the following spells:

 Spells                   Type           Power      Damage    Failure   Level
 Scorch                   Fire           18%        2d6       77%         2

Inventory:

Hand Weapons
 b - a -1 hand axe of flaming
 Y - a +3 hand axe (weapon)
Armour
 a - a +0 chain mail (worn)
Jewellery
 c - a +4 ring of slaying (left hand) {mikee}
Potions
 d - a potion of brilliance {unknown}
 f - a potion of mutation {unknown}
 h - 2 potions of curing {unknown}
 i - a potion of ambrosia {unknown}
 m - a potion of degeneration {unknown}

Dungeon Overview and Level Annotations

Branches:
Dungeon (4/15)
 Temple: D:4-7

Altars:
Nemelex Xobeh

Shops:
D:2 =

Annotations:
D:4 Menkaure


Message History

The hound is severely wounded.
The hound barely misses you.
You slash the hound!
You kill the hound!
You slash Menkaure!
Menkaure is moderately damaged.
Menkaure hits you!!
4048 ||| INVOKING Fiery Armour.
A protective cloak of flame settles atop you.
Menkaure calls on the powers of darkness!
Your body is wracked with pain!
4049 ||| DRINKING potion of heal wounds.
You feel much better. Menkaure hits you but does no damage.
Menkaure is burned by your cloak of flames.
Menkaure is moderately damaged.
You completely miss Menkaure.
Menkaure is moderately damaged.
Menkaure hits you!
Menkaure is burned terribly!
Menkaure is burned by your cloak of flames.
Menkaure is heavily damaged.
Menkaure calls on the powers of darkness!
Your body is wracked with pain!
You barely miss Menkaure.
Menkaure is heavily damaged.
Menkaure points at you and mumbles some strange words.
Pain shoots through your body!
You completely miss Menkaure.
Menkaure is heavily damaged.
Menkaure hits you.
Menkaure is burned terribly!
Menkaure is burned by your cloak of flames.
Menkaure is severely damaged.
You hit Menkaure but do no damage.
Menkaure is severely damaged.
Menkaure casts a spell at you.
You struggle to resist.
You hit Menkaure.
Menkaure is almost destroyed.
Menkaure hits you!
You die...

.# #.# #.# .......#
.##.##.#
#######.#.....####
#................#
.....)..#.#...##.# ####.
#....<..#.#...##.#......
#...............@M......
#.......###...##.#......
#.............##.# ####.
........###.(....#
######### #.######
########.# #......(.#
#.##.##.## ####.##.##...


You could see Menkaure (fast).

Vanquished Creatures
  A hound (D:4)
  2 orc priests (D:3)
  Natasha (thrice) (D:2)
  An iguana (D:3)
  An orc wizard (D:4)
  2 adders
  A worm (D:3)
  An orc (D:3)
  6 endoplasms
  3 giant cockroaches
  4 goblins
  7 hobgoblins
  6 kobolds
  A quokka (D:2)
  5 ball pythons
  3 bats
  5 frilled lizards (D:1)
  6 rats
58 creatures vanquished.

Notes
Turn   | Place    | Note
-------+----------+-------------------------------------------
     0 | D:1      | qw the Formicid Cinder Acolyte began the quest for the Orb.
     0 | D:1      | Reached XP level 1. HP: 18/18 MP: 2/2
     0 | D:1      | 0 ||| qw: Version: 0.1-a-103-gd6f5d3a
     0 | D:1      | 0 ||| qw: Game counter: 5500
     0 | D:1      | 0 ||| qw: Always use a shield: true
     0 | D:1      | 0 ||| qw: God list: Okawaru
     0 | D:1      | 0 ||| qw: Allow faded altars: false
     0 | D:1      | 0 ||| qw: Do Orc after D:15 true
     0 | D:1      | 0 ||| qw: Do second Lair branch before Depths: true
     0 | D:1      | 0 ||| qw: Lair rune preference: random
     0 | D:1      | 0 ||| qw: Plans: Normal
     0 | D:1      | 0 ||| PLANNING D:1-11
    43 | D:1      | 43 ||| Stepping ~*~*~tactically~*~*~ (stealth).
    45 | D:1      | 45 ||| Stepping ~*~*~tactically~*~*~ (stealth).
    51 | D:1      | 51 ||| INVOKING Fiery Armour.
   182 | D:1      | 182 ||| INVOKING Fiery Armour.
   184 | D:1      | Reached XP level 2. HP: 8/24 MP: 3/3
   443 | D:1      | 443 ||| Stepping ~*~*~tactically~*~*~ (stealth).
   449 | D:1      | 449 ||| Stepping ~*~*~tactically~*~*~ (stealth).
   671 | D:1      | 671 ||| Stepping ~*~*~tactically~*~*~ (stealth).
   672 | D:1      | 672 ||| Stepping ~*~*~tactically~*~*~ (stealth).
   674 | D:1      | 674 ||| Stepping ~*~*~tactically~*~*~ (stealth).
  1012 | D:1      | Reached skill level 4 in Axes
  1012 | D:1      | Reached XP level 3. HP: 29/29 MP: 4/4
  1357 | D:1      | 1357 ||| UPGRADING to +4 ring of slaying {mikee}.
  1358 | D:1      | 1358 ||| READING scroll labelled QOCKEM PULEJO.
  1359 | D:1      | 1359 ||| READING scroll labelled VER SAGIVVES.
  1360 | D:1      | 1360 ||| READING scroll labelled KANIK OS LINT.
  1361 | D:1      | 1361 ||| READING scroll labelled KAPUNAI MECZE.
  1362 | D:1      | 1362 ||| DRINKING 2 smoky golden potions.
  1417 | D:1      | 1417 ||| Stepping ~*~*~tactically~*~*~ (stealth).
  1421 | D:1      | 1421 ||| Stepping ~*~*~tactically~*~*~ (stealth).
  1423 | D:1      | 1423 ||| Stepping ~*~*~tactically~*~*~ (stealth).
  1425 | D:1      | 1425 ||| Stepping ~*~*~tactically~*~*~ (stealth).
  1435 | D:1      | 1435 ||| DROPPING potion of lignification.
  1508 | D:2      | Reached skill level 1 in Dodging
  1636 | D:2      | Noticed Natasha
  1637 | D:2      | 1637 ||| Stepping ~*~*~tactically~*~*~ (hiding).
  1739 | D:2      | 1739 ||| Stepping ~*~*~tactically~*~*~ (hiding).
  1746 | D:2      | 1746 ||| INVOKING Fiery Armour.
  1750 | D:2      | Killed Natasha
  1751 | D:2      | Reached XP level 4. HP: 12/35 MP: 5/5
  1835 | D:2      | Noticed Natasha
  1836 | D:2      | 1836 ||| Stepping ~*~*~tactically~*~*~ (stealth).
  1838 | D:2      | 1838 ||| Stepping ~*~*~tactically~*~*~ (stealth).
  1856 | D:2      | Killed Natasha
  2088 | D:2      | Found a faded altar of an unknown god.
  2186 | D:2      | Found Wivecig's Jewellery Shop.
  2191 | D:2      | 2191 ||| SHOPLISTING amulet of reflection (360 gold, have
                  | 61).
  2191 | D:2      | 2191 ||| SHOPLISTING ring of fire (300 gold, have 61).
  2191 | D:2      | 2191 ||| SHOPLISTING ring of positive energy (240 gold,
                  | have 61).
  2191 | D:2      | 2191 ||| SHOPLISTING ring of protection from cold (300
                  | gold, have 61).
  2215 | D:2      | Reached skill level 5 in Axes
  2350 | D:2      | Reached XP level 5. HP: 41/41 MP: 6/6
  2359 | D:2      | Noticed Natasha
  2375 | D:2      | Killed Natasha
  2679 | D:2      | 2679 ||| UPGRADING to +0 ring mail.
  2689 | D:2      | 2689 ||| DROPPING +0 robe.
  2690 | D:2      | 2690 ||| READING scroll labelled OCOADD BUCHYSA.
  2744 | D:3      | Reached skill level 1 in Armour
  3263 | D:3      | Found a sparkling altar of Nemelex Xobeh.
  3409 | D:3      | 3409 ||| SWAPPING to +3 hand axe.
  3598 | D:3      | 3598 ||| UPGRADING to +0 leather armour of poison
                  | resistance.
  3608 | D:3      | 3608 ||| DROPPING +0 ring mail.
  3609 | D:3      | 3609 ||| UPGRADING to +0 scale mail.
  3619 | D:3      | 3619 ||| DROPPING +0 leather armour of poison resistance.
  3620 | D:3      | 3620 ||| READING scroll labelled MOPRUI JAUTH.
  3621 | D:3      | 3621 ||| READING scroll labelled SAVIRI EPUOS.
  3622 | D:3      | 3622 ||| DRINKING 2 metallic coppery potions.
  3644 | D:4      | 3644 ||| INVOKING Fiery Armour.
  3645 | D:4      | 3645 ||| STAIRDANCE
  3647 | D:4      | 3647 ||| STAIRDANCE
  3655 | D:3      | Reached XP level 6. HP: 13/47 MP: 7/7
  3658 | D:3      | Reached skill level 6 in Axes
  3879 | D:3      | 3879 ||| UPGRADING to +0 chain mail.
  3889 | D:3      | 3889 ||| DROPPING +0 scale mail.
  4008 | D:4      | 4008 ||| Stepping ~*~*~tactically~*~*~ (stealth).
  4019 | D:4      | 4019 ||| Stepping ~*~*~tactically~*~*~ (stealth).
  4039 | D:4      | Noticed Menkaure
  4048 | D:4      | 4048 ||| INVOKING Fiery Armour.
  4048 | D:4      | HP: 11/48 [??? (9)]
  4049 | D:4      | 4049 ||| DRINKING potion of heal wounds.
  4054 | D:4      | Mangled by Menkaure

Levels and vault maps discovered:
D:1:      lightli_molten_gateway, layout_basic
D:2:      layout_loops_ring, serial_shops, shop, ebering_ecumenical_altar_hall,
          uniq_natasha
D:3:      layout_loops_ring, nemelex_spade_bored_becter
D:4:      layout_loops_cross, kennysheep_mini, trog_hazing_becter, serial_shops,
          shop, uniq_menkaure

Skill      XL: |  1  2  3  4  5  6 |
---------------+-------------------+-----
Axes           | 4 5 6 |  6.0
Dodging        | 1 |  1.0
Armour         | 1 2 |  2.1
Fighting       | |  3.8
Spellcasting   | |  1.1
Fire Magic     | |  3.0

Action                   |  1- 3 |  4- 6 || total
-------------------------+-------+-------++-------
Melee: Hand axe          |    77 |    78 ||   155
       Punch             |     1 |       ||     1
Invok: Fiery Armour      |     3 |     2 ||     5
  Use: Scroll            |     4 |     3 ||     7
       Potion            |     1 |     2 ||     3
Armor: Robe              |    15 |     2 ||    17
       Scale mail        |       |     5 ||     5
       Ring mail         |       |     3 ||     3
       Chain mail        |       |    14 ||    14
Dodge: Dodged            |    28 |    39 ||    67

Table legend:
 A = Non-vault XP
 B = Vault XP
 C = Vault XP percentage of total XP
 D = Non-vault monster count
 E = Vault monster count
 F = Vault count percentage of total count
                 A         B        C        D         E       F
            +---------+---------+-------+---------+---------+-------
      Total |     378 |      40 |   9.6 |      55 |       3 |   5.2
            +---------+---------+-------+---------+---------+-------
        D:1 |      41 |       0 |   0.0 |      28 |       0 |   0.0
        D:2 |      98 |      37 |  27.4 |      11 |       1 |   8.3
        D:3 |     141 |       0 |   0.0 |      11 |       0 |   0.0
        D:4 |      98 |       3 |   3.0 |       5 |       2 |  28.6
            +---------+---------+-------+---------+---------+-------
